Map: 에버 드림 - 래더

Players

Lambo

  • Race: Zerg Zerg
  • Spawn Location: 1:00

Bunny - Winner!

  • Race: Terran Terran
  • Spawn Location: 7:00

Event: StayAtHomestory Cup #2

VOD

Have the link to the VOD?

Description

Time

  • Played on: June 11, 2020, 6:16 a.m.
  • Length: 9:41

All games in this series

Show
View Real Time Build Order
Export as new Build Order

Lambo Zerg 

Build Orders: Hatch First, Muta Ling Bane 

Get SALT Encoding   

  12  0:01  Drone  
  13  0:13  Overlord  
  13  0:17  Drone  
  14  0:32  Drone x2  
  16  0:48  Hatchery  
  15  0:51  Drone  
  15  0:54  Drone  
  17  0:58  Drone  
  18  1:08  Extractor  
  17  1:13  Spawning Pool  
  17  1:16  Drone  
  17  1:19  Drone  
  18  1:28  Drone  
  19  1:41  Drone  
  20  1:50  Drone  
  21  2:01  Queen, Zergling x4  
  27  2:10  Extractor, Roach Warren  
  27  2:13  Drone  
  26  2:22  Overlord  
  26  2:36  Overlord  
  24  2:49  Roach x2  
  28  2:55  Roach x3  
  36  3:06  Overlord  
  34  3:13  Ravager x2  
  34  3:29  Ravager  
  34  3:30  Ravager  
  34  3:31  Drone  
  37  3:47  Overlord  
  37  3:49  Queen, Spore Crawler  
  39  4:03  Hatchery  
  39  4:05  Drone x3  
  41  4:18  Overlord  
  39  4:28  Lair  
  39  4:30  Metabolic Boost  
  39  4:31  Overlord  
  39  4:38  Drone x2  
  41  4:39  Drone x2  
  41  4:42  Drone  
  44  4:46  Extractor  
  44  4:52  Drone  
  44  4:58  Extractor  
  43  5:01  Drone  
  44  5:07  Drone x3  
  48  5:14  Drone  
  48  5:18  Drone  
  49  5:24  Drone  
  49  5:27  Spire  
  49  5:29  Drone  
  50  5:35  Overlord  
  50  5:36  Drone  
  50  5:37  Drone  
  50  5:38  Overlord  
  52  5:56  Drone x2  
  54  6:01  Drone x5  
  59  6:04  Overlord  
  59  6:05  Drone  
  59  6:06  Drone  
  59  6:09  Baneling Nest  
  59  6:11  Overlord  
  60  6:29  Hatchery  
  59  6:38  Mutalisk x4  
  67  6:43  Mutalisk x2  
  67  6:46  Mutalisk  
  71  6:50  Zerg Flyer Weapons Level 1  
  71  6:52  Mutalisk  
  75  6:55  Mutalisk  
  75  6:58  Mutalisk  
  79  7:06  Zergling x10  
  84  7:12  Centrifical Hooks  
  84  7:16  Overlord  
  84  7:18  Overlord  
  84  7:21  Overlord  
  82  7:26  Mutalisk  
  84  7:30  Overlord  
  84  7:31  Overlord  
  84  7:33  Overlord  
  84  7:35  Zergling x2  
  85  7:39  Zergling x4  
  85  7:43  Zergling x6  
  73  7:48  Mutalisk  
  73  7:50  Drone  
  71  7:51  Mutalisk  
  71  7:57  Mutalisk x2  
  77  8:06  Drone x5  
  82  8:13  Drone  
  82  8:17  Queen  
  82  8:18  Mutalisk x2  
  89  8:27  Extractor, Mutalisk  
  89  8:29  Extractor, Zergling x8  
  93  8:39  Zergling x10  
  97  8:48  Zergling x6  
  98  8:53  Drone  
  98  8:55  Drone x2  
  100  8:56  Mutalisk  
  102  9:03  Drone x3  
  102  9:04  Drone  
  102  9:07  Zergling x2  
  107  9:13  Mutalisk x2  
  111  9:20  Zergling x2  
  111  9:21  Baneling  
Show
View Real Time Build Order
Export as new Build Order

Bunny Terran - Winner!

Build Orders:  

Get SALT Encoding   

  12  0:00  SCV  
  13  0:13  SCV  
  14  0:17  Supply Depot  
  14  0:25  SCV  
  15  0:39  Barracks  
  15  0:41  SCV  
  16  0:53  Barracks  
  16  0:58  SCV  
  17  1:09  Refinery  
  17  1:10  SCV  
  18  1:22  SCV  
  19  1:27  Marine  
  20  1:34  Orbital Command  
  20  1:37  Supply Depot  
  20  1:40  Marine  
  20  1:45  Marine  
  22  1:58  Bunker, Marine  
  22  2:00  SCV  
  24  2:03  Marine  
  25  2:09  Bunker  
  25  2:16  SCV, Marine  
  25  2:20  Marine  
  28  2:27  Factory  
  28  2:30  SCV  
  29  2:42  SCV  
  30  2:54  SCV  
  31  2:58  Command Center  
  31  3:10  Supply Depot  
  31  3:15  Factory Tech Lab  
  31  3:20  Refinery  
  31  3:27  SCV  
  31  3:32  Starport  
  31  3:37  Cyclone  
  31  3:39  SCV  
  35  3:44  Supply Depot  
  35  3:51  SCV  
  36  4:04  SCV  
  36  4:09  Viking  
  39  4:12  Orbital Command  
  39  4:14  Cyclone  
  39  4:16  SCV  
  41  4:28  SCV  
  41  4:31  Orbital Command  
  41  4:33  Command Center  
  41  4:40  SCV  
  41  4:46  Barracks Reactor  
  41  4:52  SCV  
  42  4:58  Stimpack  
  42  4:59  Factory Tech Lab  
  42  5:04  SCV x2  
  44  5:07  Marine  
  44  5:13  Engineering Bay x2  
  44  5:14  Starport Reactor  
  45  5:16  SCV  
  45  5:17  SCV  
  45  5:18  Siege Tank  
  50  5:25  Marine  
  51  5:29  SCV x2, Marine x2  
  51  5:30  Supply Depot  
  55  5:37  Refinery  
  55  5:38  Refinery  
  55  5:41  SCV x2  
  57  5:43  Marine  
  57  5:47  Marine x2  
  57  5:48  Terran Infantry Weapons Level 1  
  57  5:49  Orbital Command  
  60  5:56  Terran Infantry Armor Level 1, Supply Depot  
  60  5:58  SCV  
  60  6:01  SCV  
  60  6:02  Marine  
  63  6:05  Marine x2  
  63  6:09  Barracks  
  65  6:11  SCV  
  65  6:13  SCV  
  65  6:14  Medivac  
  65  6:16  SCV  
  70  6:19  Medivac  
  70  6:22  Supply Depot  
  70  6:23  Marine  
  73  6:25  Marine  
  73  6:26  Marine  
  73  6:28  SCV  
  73  6:29  SCV, Orbital Command  
  77  6:33  Siege Tank  
  77  6:37  Combat Shield  
  80  6:40  SCV  
  80  6:41  SCV  
  80  6:42  Missile Turret  
  80  6:45  Missile Turret  
  80  6:46  Supply Depot  
  82  6:49  Medivac  
  82  6:53  SCV x2  
  86  6:57  SCV  
  87  7:01  Barracks Reactor  
  87  7:02  Medivac  
  87  7:06  Marine  
  87  7:07  Missile Turret, Marine x2  
  92  7:09  Supply Depot  
  92  7:10  SCV x2  
  92  7:12  SCV  
  95  7:19  Missile Turret  
  95  7:27  Marine x3, Widow Mine  
  100  7:30  Barracks  
  100  7:31  Barracks  
  100  7:32  SCV x3  
  100  7:40  Marine x2  
  83  7:45  Marine  
  83  7:48  Marine x2  
  78  7:53  SCV x3, Armory  
  78  7:56  Widow Mine  
  78  7:58  Marine x2  
  83  8:03  Marine  
  83  8:05  SCV x3  
  89  8:06  Marine x2  
  89  8:09  Missile Turret  
  89  8:10  Missile Turret  
  89  8:13  Refinery  
  89  8:16  Marine x2  
  89  8:17  Widow Mine  
  89  8:18  SCV x3, Supply Depot  
  89  8:19  Barracks Reactor x2  
  96  8:21  Concussive Shells  
  96  8:26  Marine x3  
  99  8:31  Supply Depot  
  99  8:32  Supply Depot  
  99  8:34  Marine x2  
  99  8:38  Widow Mine  
  99  8:40  Command Center  
  103  8:43  Supply Depot  
  103  8:44  Marine  
  103  8:46  Command Center  
  103  8:48  Marine x2  
  104  8:51  Marine  
  104  8:52  Marine  
  108  8:56  Marine x4  
  108  9:01  Factory  
  108  9:02  Marine  
  113  9:05  Widow Mine  
  113  9:06  Marine x2  
  113  9:09  Marine x2  
  118  9:13  Marine  
  118  9:16  Barracks  
  118  9:17  Barracks  
  117  9:24  SCV x2  
  117  9:25  SCV  
  117  9:26  Command Center  
Tags
 
Add a new tag
Caveats
  • Supply blocks, unpowered buildings, or Contaminate may cause inaccurate times.
  • Supply counts are checked every 10 seconds.